 Dungeon Crawl Stone Soup version 0.28-b1-25-g9875b3fc8c (webtiles) character file.

Game seed: 7281769802934182906

7444 dorian the Protected (level 11, -2/61 HPs)
             Began as a Gargoyle Fighter on Feb 7, 2022.
             Was an Initiate of the Shining One.
             Slain by Snorg (11 damage)
             ... on level 10 of the Dungeon.
             The game lasted 00:19:45 (8177 turns).

dorian the Protected (Gargoyle Fighter)             Turns: 8177, Time: 00:19:46

Health: -2/61      AC: 32    Str: 25    XL:     11   Next: 15%
Magic:  10/11      EV:  7    Int:  8    God:    the Shining One [......]
Gold:   243        SH:  4    Dex:  9    Spells: 10/10 levels left

rFire   . . .      SeeInvis .   B - +4 broad axe (flame)
rCold   . . .      Faith    .   c - +0 buckler
rNeg    + . .      Spirit   .   q - +0 plate armour
rPois   ∞          Reflect  .   f - +0 helmet
rElec   +          Harm     .   r - +1 cloak
rCorr   .          Rampage  .   (no gloves)
Will    +....                   (no boots)
Stlth   ..........              h - amulet of regeneration
HPRegen 1.00/turn               n - ring of willpower
MPRegen 0.12/turn               y - +4 ring of protection

@: mighty, hasted, glowing, very quick
A: sickness immunity, AC +8, negative energy resistance 1, electricity
resistance, torment resistance 1, petrification resistance, fangs 1
a: Renounce Religion


You were on level 10 of the Dungeon.
You worshipped the Shining One.
The Shining One was noncommittal.
You visited 2 branches of the dungeon, and saw 11 of its levels.

You collected 465 gold pieces.
You spent 222 gold pieces at shops.

Inventory:

Hand Weapons
 B - a +4 broad axe of flaming (weapon)
Armour
 c - a +0 buckler (worn)
 f - a +0 helmet (worn)
 l - a scarf of repulsion
 q - a +0 plate armour (worn)
 r - a +1 cloak (worn)
Jewellery
 h - an amulet of regeneration (around neck)
 i - a ring of positive energy
 k - an amulet of guardian spirit
 n - a ring of willpower (left hand)
 w - an amulet of the acrobat
 y - a +4 ring of protection (right hand)
Wands
 v - a wand of iceblast (7)
Scrolls
 e - a scroll of fear {unknown}
 j - 3 scrolls of silence
 o - 3 scrolls of teleportation
 u - a scroll of immolation
 C - a scroll of vulnerability {unknown}
Potions
 b - a potion of cancellation
 g - 2 potions of curing
 s - 2 potions of invisibility
 t - 3 potions of lignification
 x - a potion of berserk rage {unknown}
 z - 2 potions of brilliance
 A - a potion of magic {unknown}


   Skills:
 + Level 4.0 Fighting
 + Level 11.2 Axes
 + Level 13.0 Armour
 - Level 3.2 Shields


You had 10 spell levels left.
You didn't know any spells.
Your spell library contained the following spells:

 Spells                   Type           Power      Damage    Failure   Level
 Animate Skeleton         Necr           0%         N/A       99%         1
 Beastly Appendage        Tmut           0%         N/A       99%         1
 Pain                     Necr           0%         1d4       99%         1
 Sting                    Tmut/Pois      0%         1d3       99%         1
 Poisonous Vapours        Pois/Air       0%         N/A       100%        2
 Wereblood                Tmut           0%         N/A       100%        2
 Spider Form              Tmut/Pois      0%         N/A       100%        3
 Vampiric Draining        Necr           0%         2d6       100%        3
 Olgreb's Toxic Radiance  Pois           0%         N/A       100%        4


Dungeon Overview and Level Annotations

Branches:
Dungeon (10/15)            Temple (1/1) D:6            Lair (0/6) D:9
    Orc (0/2) D:9

Altars:
Ashenzari
Cheibriados
Dithmenos
Elyvilon
Fedhas
Gozag
Hepliaklqana
Kikubaaqudgha
Nemelex Xobeh
Qazlal
Ru
Sif Muna
Trog
Uskayaw
Vehumet
Wu Jian
Yredelemnul
Zin
The Shining One
Ignis

Shops:
D:1 ==!   D:5 (:*[*   D:9 *

Annotations:
D:10 Snorg


Innate Abilities, Weirdness & Mutations

You are immune to sickness and miasma.
Your stone body is resilient. (AC +8)
You are immune to poison.
You resist negative energy. (rN+)
You are resistant to electric shocks. (rElec)
You are resistant to unholy torment.
You are immune to petrification.
You have very sharp teeth.


Message History

You slash Snorg! You burn Snorg.
Snorg is moderately wounded.
You hit the bush but do no damage. Snorg bites you but does no damage.
Snorg claws you but does no damage. Snorg barely misses you.
Snorg bites you but does no damage. Snorg claws you. Snorg barely misses you.
You barely miss Snorg.
Snorg is moderately wounded.
You hit the bush but do no damage. Snorg bites you!
Snorg claws you but does no damage. You block Snorg's attack.
You slash Snorg! You burn Snorg.
Snorg is heavily wounded.
You hit the bush. You burn the bush. Snorg barely misses you. Snorg claws you.
Snorg claws you but does no damage. Snorg bites you but does no damage.
Snorg claws you!
* * * LOW HITPOINT WARNING * * *
Snorg claws you!
* * * LOW HITPOINT WARNING * * *
Okay, then.
You feel much better. You block Snorg's attack.
Snorg claws you but does no damage. You block Snorg's attack.
You feel yourself speed up. Snorg closely misses you. Snorg barely misses you.
Snorg claws you but does no damage. You block Snorg's attack.
Snorg completely misses you. Snorg claws you.
You slash Snorg! You burn Snorg. You bite Snorg.
Snorg is heavily wounded.
You hit the bush. You burn the bush. Snorg bites you but does no damage.
You block Snorg's attack. Snorg claws you but does no damage.
You slash Snorg! You burn Snorg.
Snorg is severely wounded.
You hit the bush. You burn the bush. Snorg bites you!
* * * LOW HITPOINT WARNING * * *
You block Snorg's attack. Snorg barely misses you.
You completely miss Snorg.
Snorg is severely wounded.
You slash the bush! You burn the bush. Snorg bites you.
* * * LOW HITPOINT WARNING * * *
Snorg claws you.
* * * LOW HITPOINT WARNING * * *
Snorg claws you!
You die... ... ..... ...... ......####### .........††.##### #. ......#..<....... ... ......#..........
PPPP ................PPP...P ..PPP..._@..PPPPPP..... ....PPPP..TPPPPPP...PP

#......PPPP.P......PP
#..P....PPP......PPP..oP
#..PPPP......PPPPP..._.:
.....PPP...PP..$.......#
###
#...)PPPP....###...##
#.###
#.#.).)....#......##
#... #.########...### ##


You could see Snorg (berserk).

Vanquished Creatures
  Erica (D:8)
  A two-headed ogre (D:8)
  A shining eye (shapeshifter) (D:10)
  A gargoyle (D:9)
  A hornet (D:7)
  A wyvern (D:7)
  A wraith (D:9)
  5 yaks (D:8)
  A steam dragon (D:8)
  4 water moccasins
  3 orc warriors
  A sky beast (D:7)
  2 ice beasts (D:5)
  A necrophage (D:4)
  2 centaurs
  5 ogres
  2 phantoms (D:4)
  A kobold brigand (D:7)
  2 bullfrogs
  A gnoll sergeant (D:7)
  2 water moccasin zombies (D:5)
  3 scorpions
  A wyvern skeleton (D:6)
  A water moccasin skeleton (D:4)
  4 killer bees (D:8)
  A howler monkey (D:10)
  4 wights
  A centaur zombie (D:7)
  11 orc priests
  3 hounds
  4 jellies
  Crazy Yiuf (D:5)
  A gnoll shaman (D:8)
  2 bullfrog skeletons (D:7)
  3 centaur skeletons
  4 iguanas
  9 orc wizards
  A killer bee zombie (D:7)
  2 hound zombies (D:5)
  A hound skeleton (D:4)
  A howler monkey zombie (D:7)
  12 gnolls
  3 adders (D:3)
  A shadow imp (D:7)
  2 white imps (D:6)
  2 ufetubi (D:7)
  2 adder skeletons (D:4)
  6 dart slugs
  25 orcs
  7 ball pythons
  4 endoplasms
  4 giant cockroaches
  10 goblins
  7 hobgoblins
  8 jackals
  15 kobolds
  2 quokkas
  5 bats
  A frilled lizard (D:3)
  2 rats
  A bush (D:10)
216 creatures vanquished.

Vanquished Creatures (others)
  A goblin (D:4)
  2 bushes (D:10)
3 creatures vanquished.

Grand Total: 219 creatures vanquished

Notes
Turn   | Place    | Note
-------+----------+-------------------------------------------
     0 | D:1      | dorian the Gargoyle Fighter began the quest for the Orb.
     0 | D:1      | Reached XP level 1. HP: 14/14 MP: 1/1
    53 | D:1      | Reached XP level 2. HP: 18/19 MP: 2/2
   101 | D:1      | Found Jiahu's Jewellery Shop.
   454 | D:1      | Found Jifiofe's Jewellery Shop.
   502 | D:1      | Reached XP level 3. HP: 15/23 MP: 3/3
   678 | D:1      | Found Liafatush's Distillery.
   687 | D:1      | Bought a potion of might for 40 gold pieces
  1658 | D:3      | Found a faded altar of an unknown god.
  1886 | D:3      | Reached XP level 4. HP: 28/28 MP: 4/4
  2624 | D:4      | Reached skill level 4 in Armour
  2653 | D:4      | Found a white marble altar of Elyvilon.
  2672 | D:4      | Reached XP level 5. HP: 32/32 MP: 5/5
  2744 | D:4      | Noticed a necrophage
  2869 | D:4      | Found a sparkling altar of Nemelex Xobeh.
  3050 | D:3      | Reached XP level 6. HP: 19/37 MP: 6/6
  3248 | D:4      | Killed a necrophage
  3249 | D:4      | Reached skill level 5 in Armour
  3309 | D:4      | Reached skill level 5 in Axes
  3727 | D:5      | Entered Level 5 of the Dungeon
  3745 | D:4      | Reached skill level 6 in Armour
  3745 | D:4      | Reached XP level 7. HP: 40/41 MP: 7/7
  4195 | D:5      | Found Bileom's Antique Weapon Shoppe.
  4218 | D:5      | Bought a runed broad axe for 182 gold pieces
  4236 | D:5      | Reached skill level 7 in Armour
  4300 | D:5      | Found Hiaseku's Book Shop.
  4301 | D:5      | Found Kaumupp's Assorted Antiques.
  4324 | D:5      | Reached XP level 8. HP: 30/46 MP: 8/8
  4673 | D:5      | Found Qesityh's Antique Armour Shoppe.
  4689 | D:5      | Found Ceciw's General Store.
  4870 | D:5      | Found a runed translucent door.
  4871 | D:5      | Noticed Crazy Yiuf
  4938 | D:5      | Killed Crazy Yiuf
  4939 | D:5      | Reached skill level 8 in Armour
  5093 | D:6      | Found a staircase to the Ecumenical Temple.
  5109 | Temple   | Entered the Ecumenical Temple
  5420 | D:6      | Found a hazy altar of Hepliaklqana.
  5599 | D:7      | Reached XP level 9. HP: 51/51 MP: 9/9
  5661 | D:7      | Reached skill level 9 in Armour
  5775 | D:7      | Reached skill level 10 in Armour
  5999 | D:7      | You fall into a shaft and drop 3 floors!
  5999 | D:10     | Entered Level 10 of the Dungeon
  5999 | D:10     | Found a radiant altar of Vehumet.
  6005 | D:10     | Found a glowing golden altar of the Shining One.
  6015 | D:10     | Noticed a death drake
  6035 | D:10     | Noticed Snorg
  6080 | D:9      | Found a staircase to the Orcish Mines.
  6128 | D:9      | Reached XP level 10. HP: 53/56 MP: 10/10
  6177 | D:9      | Noticed a gargoyle
  6189 | D:9      | Killed a gargoyle
  6190 | D:9      | Reached skill level 11 in Armour
  6195 | D:9      | Found Unialidu's Demolitions Depot.
  6382 | D:8      | Reached skill level 10 in Axes
  6495 | D:8      | Identified the +2 robe of the Postmodern Spines {rF+}
  6538 | D:8      | Noticed a two-headed ogre
  6546 | D:8      | Killed a two-headed ogre
  6547 | D:8      | Reached skill level 12 in Armour
  6582 | D:8      | Noticed Erica
  6596 | D:8      | Killed Erica
  6885 | D:7      | Reached XP level 11. HP: 31/60 MP: 11/11
  6898 | D:7      | Found a broken altar of Ashenzari.
  7904 | D:8      | Found a shimmering blue altar of Sif Muna.
  8103 | D:9      | Found a staircase to the Lair.
  8122 | D:10     | Noticed a shining eye
  8145 | D:10     | Gained mutation: Your magical capacity is low. (-10% MP) [a
                  | shining eye]
  8148 | D:10     | Gained mutation: Your magical capacity is very low. (-20%
                  | MP) [a shining eye]
  8151 | D:10     | Gained mutation: You tend to lose your temper in combat. [a
                  | shining eye]
  8152 | D:10     | Killed a shining eye
  8153 | D:10     | Reached skill level 13 in Armour
  8155 | D:9      | Lost mutation: You tend to lose your temper in combat.
                  | [potion of mutation]
  8155 | D:9      | Lost mutation: Your magical capacity is very low. (-20% MP)
                  | [potion of mutation]
  8155 | D:9      | Lost mutation: Your magical capacity is low. (-10% MP)
                  | [potion of mutation]
  8155 | D:9      | Gained mutation: You have very sharp teeth. [potion of
                  | mutation]
  8161 | D:10     | Became a worshipper of the Shining One
  8177 | D:10     | Slain by Snorg

Illustrated notes

Levels and vault maps discovered:
D:1:      psy_arrival_radial02, layout_basic, serial_shops,
          nicolae_shop_advertising_works [nicolae_subvault_shop_adworks], shop,
          nicolae_shop_trees, minmay_circled_x
D:2:      layout_rooms
D:3:      layout_basic, shapermc_ecumenical_altar_notcrosses
D:4:      layout_rooms, mainiacjoe_overflow_large_starburst,
          hangedman_glass_teeth, minmay_door_square, minmay_three_crescents
D:5:      layout_rooms, serial_shops, nicolae_stop_n_shop_1, nicolae_shop_trees,
          shop, kennysheep_mini_moat, shop, hangedman_decor_diamond_cutter,
          uniq_crazy_yiuf_cottage
D:6:      layout_basic, lemuel_coloured_pillars_altar,
          minmay_temple_entry_sparse_star, minivault_26
D:7:      layout_basic, marbit_many_paths, serial_glass, glass_columns_b,
          glass_columns_a, enter_bailey_7, minmay_joined_circles
D:8:      layout_basic, led_sif_pool, uniq_erica
D:9:      lemuel_ice_spiral_2, layout_irregular_city, lemuel_doored_altar,
          lair_entry_dummy, erik_orc_3, nicolae_blasting_shop, uniq_maurice
D:10:     layout_basic, amcnicky_altar_gilded, brannock_xom_greatest_gift,
          mainiacjoe_overflow_catch_the_wave, uniq_sonja, uniq_snorg,
          uniq_maggie
Temple:   ebering_untended_altars

Skill      XL: |  1  2  3  4  5  6  7  8  9 10 11 |
---------------+----------------------------------+-----
Axes           | 2 3 4 5 6 7 9 11 | 11.2
Armour         | 4 6 7 8 10 12 13 | 13.0
Fighting       | 4 |  4.0
Shields        | |  3.2

Action                   |  1- 3 |  4- 6 |  7- 9 | 10-12 || total
-------------------------+-------+-------+-------+-------++-------
Melee: War axe           |   104 |   141 |    48 |       ||   293
       Broad axe         |       |       |   243 |   236 ||   479
       Bite              |       |       |       |     1 ||     1
Evoke: Wand              |       |       |     1 |     2 ||     3
  Use: Potion            |       |     2 |       |     5 ||     7
       Scroll            |       |       |    14 |       ||    14
Armor: Scale mail        |    66 |       |       |       ||    66
       Plate armour      |     6 |   118 |   199 |   188 ||   511
Dodge: Dodged            |    39 |    45 |    98 |    95 ||   277
       Repelled          |       |     1 |       |       ||     1
Block: Buckler           |    24 |    23 |    68 |    57 ||   172
